MLB
COLORADO ROCKIES @ LOS ANGELES DODGERS
06/23/2019
 
TOP OF THE 1ST
Colorado Rockies batting - Pitching for Los Angeles Dodgers : RHP Jeff Samardzija
Pitching: RHP Jeff Samardzija
Batting: LHB Jake Bauers 0-0: Ball
1-0: Swinging Strike
1-1: Ball
2-1: Ball
3-1: Base on Balls
Batting: LHB Tommy La Stella 0-0: Called Strike
0-1: Foul Ball, location: 2F
0-2: Ball
1-2: Foul Ball, location: 2F
1-2: Strikes out swinging
Batting: RHB Mike Trout 0-0: Ball
1-0: Swinging Strike
1-1: SINGLE (Line Drive, 7LS, EV 101.3 MPH)
Jake Bauers to second
Batting: RHB Bryce Brentz 0-0: Called Strike
0-1: Called Strike
0-2: Ball
1-2: 3-RUN HOME RUN (Flyball, 78XD, EV 95.6 MPH), Distance : 394 ft
Batting: RHB Brandon Drury 0-0: DOUBLE (Flyball, 8RXD, EV 90.6 MPH)
Batting: LHB Patrick Mazeika 0-0: Ball
1-0: Swinging Strike
1-1: Swinging Strike
1-2: Ball
2-2: Foul Ball, location: 2F
2-2: Strikes out swinging
Batting: RHB Dustin Peterson 0-0: Ball
1-0: Called Strike
1-1: SINGLE (Groundball, 34D, EV 98.8 MPH)
Brandon Drury to third
Runner from 3rd tries for Home, SAFE, throw by RF to home
Dustin Peterson to second
Batting: RHB JaCoby Jones 0-0: Ground out 5-3 (Groundball, 56, EV 90.0 MPH)
Top of the 1st over - 4 runs, 4 hits, 0 errors, 1 left on base; Colorado 4 - Los Angeles 0
BOTTOM OF THE 1ST
Los Angeles Dodgers batting - Pitching for Colorado Rockies : RHP Dean Kremer
Pitching: RHP Dean Kremer
Batting: RHB Jose Peraza 0-0: Called Strike
0-1: Ball
1-1: SINGLE (Flyball, 78M, EV 95.6 MPH)
Batting: RHB Mookie Betts 0-0: Foul Ball, location: 2F
0-1: Called Strike
0-2: Ball
Jose Peraza steals 2nd base
1-2: Ball
2-2: Ball
3-2: Foul Ball, location: 2F
3-2: Base on Balls
Batting: RHB Jonathan Schoop 0-0: Grounds into double play, 6-4-3 (Groundball, 6, EV 81.3 MPH)
Jose Peraza to third
Batting: LHB Brian Goodwin 0-0: Ball
1-0: Called Strike
1-1: Called Strike
1-2: Strikes out swinging
Bottom of the 1st over - 0 runs, 1 hit, 0 errors, 1 left on base; Colorado 4 - Los Angeles 0
TOP OF THE 2ND
Colorado Rockies batting - Pitching for Los Angeles Dodgers : RHP Jeff Samardzija
Batting: RHB Dean Kremer 0-0: SINGLE (Groundball, 56D, EV 103.8 MPH)
Batting: LHB Jake Bauers 0-0: Fielders Choice at 2nd, 4-6 (Groundball, 4, EV 83.8 MPH)
Batting: LHB Tommy La Stella 0-0: Called Strike
0-1: Ball
1-1: SINGLE (Groundball, 34, EV 103.8 MPH) (infield hit)
Jake Bauers to second
Batting: RHB Mike Trout 0-0: Ball
1-0: Ball
2-0: Ball
3-0: Base on Balls
Jake Bauers to third
Tommy La Stella to second
Batting: RHB Bryce Brentz 0-0: Ball
1-0: Ball
2-0: DOUBLE (Line Drive, 7LM, EV 100.6 MPH)
Jake Bauers scores
Tommy La Stella scores
Mike Trout to third
Runner from 3rd tries for Home, SAFE, no throw by LF
Pitching: RHP Scott Oberg
Batting: RHB Brandon Drury 0-0: Foul Ball, location: 2F
0-1: Ground out 4-3 (Groundball, 4, EV 84.4 MPH)
Bryce Brentz to third
Batting: LHB Patrick Mazeika 0-0: Called Strike
0-1: Ball
1-1: Foul Ball, location: 2F
1-2: Fly out, F7 (Flyball, 7S, EV 88.8 MPH)
Top of the 2nd over - 3 runs, 3 hits, 0 errors, 1 left on base; Colorado 7 - Los Angeles 0
BOTTOM OF THE 2ND
Los Angeles Dodgers batting - Pitching for Colorado Rockies : RHP Dean Kremer
Batting: RHB Josh Donaldson 0-0: Called Strike
0-1: Swinging Strike
0-2: Strikes out looking
Batting: RHB Randal Grichuk 0-0: Called Strike
0-1: Ball
1-1: Ball
2-1: Called Strike
2-2: Strikes out swinging
Batting: SHB Justin Smoak 0-0: Ball
1-0: Foul Ball, location: 2F
1-1: Called Strike
1-2: Ball
2-2: Foul Ball, location: 2F
2-2: Strikes out swinging
Bottom of the 2nd over - 0 runs, 0 hits, 0 errors, 0 left on base; Colorado 7 - Los Angeles 0
TOP OF THE 3RD
Colorado Rockies batting - Pitching for Los Angeles Dodgers : RHP Scott Oberg
Batting: RHB Dustin Peterson 0-0: Called Strike
0-1: Called Strike
0-2: Foul Ball, location: 2F
0-2: Strikes out swinging
Batting: RHB JaCoby Jones 0-0: Foul Ball, location: 2F
0-1: Swinging Strike
0-2: Ball
1-2: Ball
2-2: Strikes out looking
Batting: RHB Dean Kremer 0-0: Ball
1-0: DOUBLE (Line Drive, 3D, EV 103.8 MPH)
Batting: LHB Jake Bauers 0-0: Ball
1-0: Foul Ball, location: 2F
1-1: Ball
2-1: Foul Ball, location: 2F
2-2: Foul Ball, location: 2F
2-2: Ground out 1-3 (Groundball, 23, EV 73.1 MPH)
Top of the 3rd over - 0 runs, 1 hit, 0 errors, 1 left on base; Colorado 7 - Los Angeles 0
BOTTOM OF THE 3RD
Los Angeles Dodgers batting - Pitching for Colorado Rockies : RHP Dean Kremer
Batting: RHB Evan Gattis 0-0: Ball
1-0: Swinging Strike
1-1: Ball
2-1: Called Strike
2-2: Strikes out swinging
Batting: RHB Scott Oberg 0-0: Called Strike
0-1: Called Strike
0-2: Foul Ball, location: 2F
0-2: Foul Ball, location: 2F
0-2: Ball
1-2: Ball
2-2: Ground out 6-3 (Groundball, 6, EV 91.3 MPH)
Batting: RHB Jose Peraza 0-0: Hit by Pitch
Batting: RHB Mookie Betts 0-0: Ball
Wild Pitch!
Jose Peraza to second
1-0: Ball
2-0: Called Strike
2-1: 2-RUN HOME RUN (Flyball, 7LD, EV 105.0 MPH), Distance : 353 ft
Batting: RHB Jonathan Schoop 0-0: Ball
1-0: Swinging Strike
1-1: Ball
2-1: Foul Ball, location: 2F
2-2: Strikes out swinging
Bottom of the 3rd over - 2 runs, 1 hit, 0 errors, 0 left on base; Colorado 7 - Los Angeles 2
TOP OF THE 4TH
Colorado Rockies batting - Pitching for Los Angeles Dodgers : RHP Scott Oberg
Batting: LHB Tommy La Stella 0-0: Ball
1-0: Ground out 4-3 (Groundball, 4, EV 82.5 MPH)
Pitching: RHP Phil Maton
Batting: RHB Mike Trout 0-0: Ball
1-0: Ball
2-0: Swinging Strike
2-1: Foul Ball, location: 2F
2-2: Foul Ball, location: 2F
2-2: Ball
3-2: Base on Balls
Batting: RHB Bryce Brentz 0-0: Called Strike
Mike Trout steals 2nd base
0-1: 2-RUN HOME RUN (Flyball, 78XD, EV 99.4 MPH), Distance : 400 ft
Batting: RHB Brandon Drury 0-0: Ball
1-0: Ball
2-0: Called Strike
2-1: Foul Ball, location: 2F
2-2: Strikes out looking
Batting: LHB Patrick Mazeika 0-0: Ball
1-0: Ball
2-0: Called Strike
2-1: Foul Ball, location: 2F
2-2: Ball
3-2: Base on Balls
Batting: RHB Dustin Peterson 0-0: Ball
Wild Pitch!
Patrick Mazeika to second
1-0: Called Strike
1-1: Called Strike
1-2: Ball
2-2: Strikes out swinging
Top of the 4th over - 2 runs, 1 hit, 0 errors, 1 left on base; Colorado 9 - Los Angeles 2
BOTTOM OF THE 4TH
Los Angeles Dodgers batting - Pitching for Colorado Rockies : RHP Dean Kremer
Batting: LHB Brian Goodwin 0-0: Swinging Strike
0-1: Called Strike
0-2: Ball
1-2: Ball
2-2: Strikes out swinging
Batting: RHB Josh Donaldson 0-0: Ball
1-0: Swinging Strike
1-1: Ground out 5-3 (Groundball, 56, EV 96.9 MPH)
Batting: RHB Randal Grichuk 0-0: Swinging Strike
0-1: Called Strike
0-2: Strikes out looking
Bottom of the 4th over - 0 runs, 0 hits, 0 errors, 0 left on base; Colorado 9 - Los Angeles 2
TOP OF THE 5TH
Colorado Rockies batting - Pitching for Los Angeles Dodgers : RHP Phil Maton
Batting: RHB JaCoby Jones 0-0: Ball
1-0: Called Strike
1-1: Called Strike
1-2: Strikes out swinging
Batting: RHB Dean Kremer 0-0: Ball
1-0: Called Strike
1-1: Ball
2-1: Swinging Strike
2-2: Ball
3-2: Strikes out swinging
Pitching: RHP Keynan Middleton
Batting: LHB Jake Bauers 0-0: Ball
1-0: Foul Ball, location: 2F
1-1: Ball
2-1: Foul Ball, location: 2F
2-2: Ball
3-2: Base on Balls
Batting: LHB Tommy La Stella 0-0: Ball
1-0: Called Strike
1-1: Called Strike
1-2: Ball
2-2: Strikes out swinging
Top of the 5th over - 0 runs, 0 hits, 0 errors, 1 left on base; Colorado 9 - Los Angeles 2
BOTTOM OF THE 5TH
Los Angeles Dodgers batting - Pitching for Colorado Rockies : RHP Dean Kremer
Batting: SHB Justin Smoak 0-0: Called Strike
0-1: Called Strike
0-2: Ball
1-2: Foul Ball, location: 2F
1-2: Ball
2-2: Foul Ball, location: 2F
2-2: Ball
3-2: Base on Balls
Batting: RHB Evan Gattis 0-0: Foul Ball, location: 2F
0-1: Foul Ball, location: 2F
0-2: Strikes out looking
Batting: RHB Keynan Middleton 0-0: Sac Bunt to 15S - play at second, runner OUT! 1-6
Batting: RHB Jose Peraza 0-0: Called Strike
0-1: Ball
1-1: Ball
2-1: Fielders Choice at 2nd, 5-4 (Groundball, 56, EV 107.5 MPH)
Bottom of the 5th over - 0 runs, 0 hits, 0 errors, 1 left on base; Colorado 9 - Los Angeles 2
TOP OF THE 6TH
Colorado Rockies batting - Pitching for Los Angeles Dodgers : RHP Keynan Middleton
Batting: RHB Mike Trout 0-0: Swinging Strike
0-1: Ground out 4-3 (Groundball, 4M, EV 85.6 MPH)
Batting: RHB Bryce Brentz 0-0: Swinging Strike
0-1: Swinging Strike
0-2: Strikes out swinging
Batting: RHB Brandon Drury 0-0: Swinging Strike
0-1: Ball
1-1: Foul Ball, location: 2F
1-2: Ball
2-2: Strikes out looking
Top of the 6th over - 0 runs, 0 hits, 0 errors, 0 left on base; Colorado 9 - Los Angeles 2
BOTTOM OF THE 6TH
Los Angeles Dodgers batting - Pitching for Colorado Rockies : RHP Dean Kremer
Pitching: RHP Jon Harris
Batting: RHB Mookie Betts 0-0: Ball
1-0: Ball
2-0: Ball
3-0: Called Strike
3-1: Fly out, F6 (Popup, 6MS, EV 82.5 MPH)
Batting: RHB Jonathan Schoop 0-0: Called Strike
0-1: Called Strike
0-2: Foul Ball, location: 2F
0-2: Ball
1-2: Ground out 5-3 (Groundball, 5L, EV 96.9 MPH)
Batting: LHB Brian Goodwin 0-0: Called Strike
0-1: Swinging Strike
0-2: Fly out, F7 (Line Drive, 7D, EV 94.4 MPH)
Bottom of the 6th over - 0 runs, 0 hits, 0 errors, 0 left on base; Colorado 9 - Los Angeles 2
TOP OF THE 7TH
Colorado Rockies batting - Pitching for Los Angeles Dodgers : RHP Keynan Middleton
Pitching: RHP Jacob Barnes
Batting: LHB Patrick Mazeika 0-0: Ball
1-0: Foul Ball, location: 2F
1-1: Swinging Strike
1-2: Ground out U3 (Groundball, 3L, EV 101.3 MPH)
Batting: RHB Dustin Peterson 0-0: SINGLE (Groundball, 3D, EV 105.6 MPH)
Batting: RHB JaCoby Jones 0-0: Ball
1-0: Called Strike
1-1: SINGLE (Flyball, 7S, EV 85.0 MPH)
Dustin Peterson to second
Batting: RHB Jon Harris 0-0: Called Strike
0-1: Swinging Strike
0-2: Strikes out looking
Batting: LHB Jake Bauers 0-0: Foul Ball, location: 2F
0-1: Ball
1-1: Ball
2-1: Fly out, F9 (Flyball, 9S, EV 75.6 MPH)
Top of the 7th over - 0 runs, 2 hits, 0 errors, 2 left on base; Colorado 9 - Los Angeles 2
BOTTOM OF THE 7TH
Los Angeles Dodgers batting - Pitching for Colorado Rockies : RHP Jon Harris
Pinch Hitting: SHB Richard Urena 0-0: SINGLE (Groundball, 5D, EV 103.1 MPH)
Batting: RHB Randal Grichuk 0-0: Ball
1-0: Foul Ball, location: 2F
1-1: Ball
2-1: Swinging Strike
2-2: Ball
3-2: Foul Ball, location: 2F
3-2: Strikes out swinging
Batting: SHB Justin Smoak 0-0: Ball
1-0: Ball
2-0: Foul Ball, location: 2F
2-1: Called Strike
2-2: Fielders Choice at 2nd, 4-6 (Groundball, 34, EV 90.6 MPH)
Batting: RHB Evan Gattis 0-0: Ball
1-0: Ball
2-0: Foul Ball, location: 2F
2-1: Foul Ball, location: 2F
2-2: Fly out, F8 (Flyball, 8LXD, EV 93.8 MPH)
Bottom of the 7th over - 0 runs, 1 hit, 0 errors, 1 left on base; Colorado 9 - Los Angeles 2
TOP OF THE 8TH
Colorado Rockies batting - Pitching for Los Angeles Dodgers : RHP Jacob Barnes
Now at 3B: Richard Urena
Batting: LHB Tommy La Stella 0-0: Called Strike
0-1: Fly out, F8 (Flyball, 8LS, EV 91.3 MPH)
Batting: RHB Mike Trout 0-0: Called Strike
0-1: Swinging Strike
0-2: Ball
1-2: Foul Ball, location: 2F
1-2: Ball
2-2: Ball
3-2: Foul Ball, location: 2F
3-2: Strikes out swinging
Pitching: LHP Sam Freeman
Batting: RHB Bryce Brentz 0-0: Swinging Strike
0-1: Ball
1-1: Swinging Strike
1-2: Ball
2-2: Strikes out looking
Top of the 8th over - 0 runs, 0 hits, 0 errors, 0 left on base; Colorado 9 - Los Angeles 2
BOTTOM OF THE 8TH
Los Angeles Dodgers batting - Pitching for Colorado Rockies : RHP Jon Harris
Pinch Hitting: RHB David Freese 0-0: Ball
1-0: Foul Ball, location: 2F
1-1: Called Strike
1-2: Strikes out looking
Pitching: LHP Kodi Medeiros
Batting: RHB Jose Peraza 0-0: SINGLE (Groundball, 56D, EV 94.4 MPH)
Batting: RHB Mookie Betts 0-0: Ball
1-0: Ball
2-0: Foul Ball, location: 2F
2-1: 2-RUN HOME RUN (Flyball, 7LD, EV 101.3 MPH), Distance : 351 ft
Batting: RHB Jonathan Schoop 0-0: Called Strike
0-1: Swinging Strike
0-2: Strikes out looking
Batting: LHB Brian Goodwin 0-0: Foul Ball, location: 2F
0-1: Ball
1-1: Foul Ball, location: 2F
1-2: Fly out, F4 (Popup, 4MD, EV 54.4 MPH)
Bottom of the 8th over - 2 runs, 2 hits, 0 errors, 0 left on base; Colorado 9 - Los Angeles 4
TOP OF THE 9TH
Colorado Rockies batting - Pitching for Los Angeles Dodgers : LHP Sam Freeman
Pitching: RHP Jonathan Holder
Batting: RHB Brandon Drury 0-0: Reached on error, E6 (Groundball, 6, EV 80.6 MPH)
Pitching: RHP Cody Allen
Batting: LHB Patrick Mazeika 0-0: Swinging Strike
0-1: Swinging Strike
0-2: Strikes out swinging
Batting: RHB Dustin Peterson 0-0: Foul Ball, location: 2F
0-1: Ball
1-1: Called Strike
1-2: Foul Ball, location: 2F
1-2: Fly out, F7 (Flyball, 7D, EV 90.0 MPH)
Batting: RHB JaCoby Jones 0-0: Called Strike
0-1: Ball
1-1: Swinging Strike
1-2: Ground out 4-3 (Groundball, 34, EV 90.0 MPH)
Top of the 9th over - 0 runs, 0 hits, 1 error, 1 left on base; Colorado 9 - Los Angeles 4
BOTTOM OF THE 9TH
Los Angeles Dodgers batting - Pitching for Colorado Rockies : LHP Kodi Medeiros
Batting: SHB Richard Urena 0-0: Ground out 4-3 (Groundball, 4, EV 107.5 MPH)
Batting: RHB Randal Grichuk 0-0: Foul Ball, location: 2F
0-1: Ball
1-1: Swinging Strike
1-2: Foul Ball, location: 2F
1-2: Strikes out looking
Batting: SHB Justin Smoak 0-0: Ball
1-0: Ball
2-0: Ball
3-0: Base on Balls
Batting: RHB Evan Gattis 0-0: Ball
1-0: Fly out, F7 (Flyball, 7LSF, EV 92.5 MPH)
Bottom of the 9th over - 0 runs, 0 hits, 0 errors, 1 left on base; Colorado 9 - Los Angeles 4
Wednesday, September 25th, 2019 - OOTP Baseball 20.6 Build 55